[ AOE2 MATCH · #506026516 ]
UnrankedSpanish vs Cumans
Player's team · LOSS
Rival team · WIN
[ REPLAY ANALYSIS · EXTRACTED FROM THE RECORDED GAME ]
Feudal
12:11
Castle
15:28
Imperial
—
| APM avg | 45.2 |
| APM peak | 117 |
| eAPM avg | 17.5 |
| Villagers / military | 42 / 3 |
Focus
⚔️ 22.2% · 🌾 77.8%
Conquistador ×2 · Mangonel ×1
Feudal
10:07
Castle
—
Imperial
—
| APM avg | 43.9 |
| APM peak | 80 |
| eAPM avg | 23.0 |
| Villagers / military | 43 / 5 |
Focus
⚔️ 31.5% · 🌾 68.5%
Battering Ram ×5
Match map
Initial resources + every placement click. Lines = walls · curves = elevation contours. ◆ gold · ⬟ stone · ● berries · ✦ relic · ◌ wall gap
Your base· Open — 1t gap
executable's base· Open — 11t gap
Smoothed initial terrain · ◌ = detected wall gap · hover for details
Inputs per minute
— 6 - - executable
Build order — 6
76 actions detected in the replay
| 0:01 | Queue | Villager (Male) |
| 0:01 | Queue | Villager (Male) |
| 0:02 | Build | House |
| 0:04 | Build | House |
| 0:19 | Queue | Villager (Male) |
| 0:19 | Queue | Villager (Male) |
| 1:25 | Queue | Villager (Male) |
| 1:25 | Queue | Villager (Male) |
| 1:48 | Build | Lumber Camp |
| 1:58 | Queue | Villager (Male) |
| 1:58 | Queue | Villager (Male) |
| 2:28 | Queue | Villager (Male) |
| 2:29 | Queue | Villager (Male) |
| 2:44 | Research | Loom |
| 2:44 | Research | Loom |
| 3:10 | Queue | Villager (Male) |
| 3:11 | Queue | Villager (Male) |
| 3:49 | Build | House |
| 3:58 | Queue | Villager (Male) |
| 3:58 | Queue | Villager (Male) |
| 3:59 | Queue | Villager (Male) |
| 4:23 | Build | House |
| 4:43 | Queue | Villager (Male) |
| 4:43 | Queue | Villager (Male) |
| 4:51 | Queue | Villager (Male) |
| 4:51 | Queue | Villager (Male) |
| 5:08 | Queue | Villager (Male) |
| 5:08 | Queue | Villager (Male) |
| 5:30 | Build | House |
| 5:54 | Queue | Villager (Male) |
| 5:59 | Build | Mill |
| 6:22 | Queue | Villager (Male) |
| 6:25 | Queue | Villager (Male) |
| 6:25 | Queue | Villager (Male) |
| 6:32 | Queue | Villager (Male) |
| 6:33 | Queue | Villager (Male) |
| 6:40 | Queue | Villager (Male) |
| 6:40 | Queue | Villager (Male) |
| 7:04 | Queue | Villager (Male) |
| 7:04 | Queue | Villager (Male) |
| 7:04 | Queue | Villager (Male) |
| 7:35 | Queue | Villager (Male) |
| 7:50 | Build | Mining Camp |
| 8:04 | Queue | Villager (Male) |
| 9:01 | Research | Feudal Age |
| 10:00 | Build | Farm |
| 10:07 | Build | Farm |
| 10:46 | Build | Farm |
| 10:53 | Build | House |
| 12:11 | Age | Feudal Age |
| 12:16 | Build | Market |
| 12:18 | Build | Blacksmith |
| 12:48 | Research | Castle Age |
| 13:30 | Build | Mining Camp |
| 14:54 | Queue | Villager (Male) |
| 15:28 | Age | Castle Age |
| 15:44 | Build | Castle |
| 16:07 | Queue | Villager (Male) |
| 16:07 | Queue | Villager (Male) |
| 16:22 | Queue | Conquistador |
| 16:50 | Queue | Conquistador |
| 17:02 | Queue | Villager (Male) |
| 17:06 | Build | Farm |
| 17:07 | Build | Farm |
| 17:10 | Build | Farm |
| 18:52 | Build | Mill |
| 19:53 | Build | Town Center |
| 20:57 | Queue | Villager (Male) |
| 20:57 | Queue | Villager (Male) |
| 21:05 | Build | Farm |
| 21:09 | Build | Farm |
| 21:26 | Queue | Villager (Male) |
| 21:26 | Queue | Villager (Male) |
| 21:49 | Build | Siege Workshop |
| 22:27 | Queue | Mangonel |
| 22:31 | Build | House |
Build order — executable
84 actions detected in the replay
| 0:01 | Research | Loom |
| 0:02 | Queue | Villager (Male) |
| 0:02 | Queue | Villager (Male) |
| 0:08 | Build | House |
| 0:10 | Build | House |
| 0:18 | Queue | Villager (Male) |
| 0:19 | Queue | Villager (Male) |
| 0:27 | Build | House |
| 2:21 | Queue | Villager (Male) |
| 3:22 | Queue | Villager (Male) |
| 3:22 | Queue | Villager (Male) |
| 3:56 | Queue | Villager (Male) |
| 4:28 | Queue | Villager (Male) |
| 4:46 | Queue | Villager (Male) |
| 4:54 | Build | House |
| 5:05 | Queue | Villager (Male) |
| 5:25 | Build | Mill |
| 5:34 | Queue | Villager (Male) |
| 5:52 | Queue | Villager (Male) |
| 6:21 | Queue | Villager (Male) |
| 6:21 | Queue | Villager (Male) |
| 6:57 | Build | Lumber Camp |
| 7:10 | Queue | Villager (Male) |
| 7:21 | Queue | Villager (Male) |
| 7:48 | Research | Feudal Age |
| 9:30 | Queue | Villager (Male) |
| 9:48 | Build | House |
| 9:54 | Queue | Villager (Male) |
| 10:07 | Age | Feudal Age |
| 10:16 | Research | Double-Bit Axe |
| 10:34 | Queue | Villager (Male) |
| 11:24 | Build | Town Center |
| 11:45 | Build | Palisade Wall |
| 11:47 | Queue | Villager (Male) |
| 11:49 | Build | Palisade Wall |
| 11:51 | Build | Palisade Gate |
| 12:03 | Build | Palisade Gate |
| 12:06 | Queue | Villager (Male) |
| 12:26 | Build | Palisade Wall |
| 12:44 | Queue | Villager (Male) |
| 12:48 | Build | House |
| 12:50 | Build | Blacksmith |
| 13:00 | Build | House |
| 13:20 | Build | Mining Camp |
| 13:34 | Build | Siege Workshop |
| 14:02 | Queue | Villager (Male) |
| 14:03 | Queue | Villager (Male) |
| 14:21 | Build | Farm |
| 14:27 | Queue | Villager (Male) |
| 14:55 | Queue | Battering Ram |
| 15:08 | Build | Farm |
| 15:11 | Build | Farm |
| 15:12 | Queue | Villager (Male) |
| 15:14 | Queue | Villager (Male) |
| 15:39 | Queue | Villager (Male) |
| 16:13 | Queue | Battering Ram |
| 16:16 | Research | Gold Mining |
| 16:59 | Queue | Villager (Male) |
| 17:00 | Queue | Villager (Male) |
| 17:15 | Queue | Villager (Male) |
| 17:22 | Build | Farm |
| 17:23 | Build | Farm |
| 17:24 | Build | Farm |
| 17:27 | Build | House |
| 17:36 | Queue | Villager (Male) |
| 17:53 | Queue | Battering Ram |
| 18:01 | Queue | Villager (Male) |
| 18:30 | Queue | Villager (Male) |
| 18:31 | Queue | Villager (Male) |
| 19:03 | Queue | Villager (Male) |
| 19:27 | Queue | Battering Ram |
| 19:54 | Queue | Villager (Male) |
| 20:15 | Queue | Battering Ram |
| 20:27 | Queue | Villager (Male) |
| 20:28 | Queue | Villager (Male) |
| 20:30 | Build | House |
| 21:00 | Queue | Villager (Male) |
| 21:20 | Queue | Villager (Male) |
| 21:41 | Queue | Villager (Male) |
| 21:44 | Build | Farm |
| 21:46 | Build | Farm |
| 22:20 | Build | Barracks |
| 22:41 | Build | House |
| 22:42 | Build | Palisade Gate |
Match timeline
| 10:07 | executable · age_up feudal |
| 11:45 | executable · wall_segment Palisade Wall x1 |
| 11:49 | executable · wall_segment Palisade Wall x1 |
| 12:11 | 6 · age_up feudal |
| 12:26 | executable · wall_segment Palisade Wall x6 |
| 12:46 | 6 · first_market_sell 100 wood |
| 13:34 | executable · first_building Siege Workshop |
| 14:59 | 6 · first_market_buy 100 food |
| 15:28 | 6 · age_up castle |
| 15:44 | 6 · first_building Castle |
| 21:49 | 6 · first_building Siege Workshop |
| 22:20 | executable · first_building Barracks |
| 22:58 | 6 · resign |
[ AI ANALYSIS · 1 CREDIT ]
What really happened in this match?
Wolo.gg analyzes every decision: build order, eco, micro, common mistakes by bracket. Personalized analysis on WhatsApp or Discord in 30 seconds.
Civ guide
Spanish
Perfil
Jugador #20686201